 Dungeon Crawl Stone Soup version 0.23-a0-461-gff60f6859b (webtiles) character file.

95714 Napalmbreeze the Eclecticist (level 15, -8/91 HPs)
             Began as a Deep Elf Fire Elementalist on Nov 26, 2018.
             Was a High Priest of Vehumet.
             Shot with an arrow by a centaur (10 damage)
             ... led by a centaur warrior
             ... on level 15 of the Dungeon.
             The game lasted 02:02:45 (35669 turns).

Napalmbreeze the Eclecticist (DEFE)                Turns: 35669, Time: 02:02:46

Health: -8/91      AC:  9    Str:  5    XL:     15   Next: 67%
Magic:  7/45       EV: 22    Int: 27    God:    Vehumet [*****.]
Gold:   1860       SH:  6    Dex: 22    Spells: 7/45 levels left

rFire    . . .     SeeInvis .   o - +2 dagger (venom)
rCold    . . .     Gourm    .   T - +0 buckler
rNeg     + . .     Faith    .   t - +4 robe of the New World {rN+ Dex+7}
rPois    +         Spirit   .   (no helmet)
rElec    .         Reflect  .   D - +0 cloak {rPois}
rCorr    .         Harm     .   m - +0 pair of gloves
MR       ++...                  I - +0 pair of boots
Stlth    +++.......             (no amulet)
HPRegen  0.25/turn              a - ring of protection from magic
MPRegen  0.29/turn              W - ring of magical power

@: no status effects
A: no striking features
a: Renounce Religion


You were on level 15 of the Dungeon.
You worshipped Vehumet.
Vehumet was extremely pleased with you.
You were near starving.

You visited 3 branches of the dungeon, and saw 22 of its levels.

You collected 1970 gold pieces.
You spent 110 gold pieces at shops.

Inventory:

Hand Weapons
 o - a +2 dagger of venom (weapon)
 S - the +9 dagger "Haoly" {drain, +Inv MR- MP+9 Str+7 Int+4}
   (You found it on level 3 of the Lair of Beasts)

   A truly terrible weapon, it drains the life of those it strikes.
   It affects your strength (+7).
   It affects your intelligence (+4).
   It affects your resistance to hostile enchantments.
   It affects your magic capacity (+9).
   It lets you turn invisible.
Armour
 m - a +0 pair of gloves (worn)
 t - the +4 robe of the New World (worn) {rN+ Dex+7}
   (You found it on level 4 of the Lair of Beasts)

   It affects your dexterity (+7).
   It protects you from negative energy.
 D - a +0 cloak of poison resistance (worn)
 I - a +0 pair of boots (worn)
 T - a +0 buckler (worn)
Jewellery
 a - a ring of protection from magic (left hand)
 d - an uncursed ring of stealth
 k - an uncursed ring of protection from fire
 U - an uncursed ring of poison resistance
 W - a ring of magical power (right hand)
Wands
 j - a wand of enslavement (3)
 r - a wand of acid (9)
 u - a wand of digging (7)
 A - a wand of polymorph (11)
 E - a wand of disintegration (19)
 H - a wand of iceblast (2)
 L - a wand of scattershot (7)
 O - a wand of clouds (3)
Scrolls
 e - 6 scrolls of remove curse
 f - 19 scrolls of teleportation
 h - 9 scrolls of fear
 i - 3 scrolls of enchant armour
 l - 4 scrolls of blinking
 p - 7 scrolls of enchant weapon
 q - 6 scrolls of magic mapping
 s - 4 scrolls of amnesia
 v - 6 scrolls of fog
 z - 2 scrolls of identify
 Q - a scroll of silence
Potions
 b - 3 potions of magic
 g - 6 potions of haste
 n - 2 potions of might {unknown}
 w - 3 potions of agility
 x - 3 potions of flight
 B - 2 potions of cancellation {unknown}
 C - 2 potions of mutation {unknown}
 F - 2 potions of brilliance {unknown}
 J - 8 potions of curing
 K - a potion of degeneration {unknown}
 V - a potion of resistance {unknown}
Miscellaneous
 G - a lightning rod (4/4)
 N - a lamp of fire
Comestibles
 c - 39 rations


   Skills:
 + Level 9.4 Fighting
 - Level 4.0 Armour
 + Level 10.5 Dodging
 - Level 2.4 Stealth
 - Level 4.2 Shields
 + Level 15.8 Spellcasting
 + Level 12.6 Conjurations
 + Level 6.4 Summonings
 + Level 10.5 Fire Magic
 - Level 8.0 Ice Magic
 - Level 6.0 Air Magic
 - Level 10.0 Evocations


You had 7 spell levels left.
You knew the following spells:

 Your Spells              Type           Power        Failure   Level  Hunger
a - Flame Tongue          Conj/Fire      #####        0%          1    None
d - Conjure Flame         Conj/Fire      ######..     1%          3    None
e - Fireball              Conj/Fire      ######....   1%          5    None
f - Sticky Flame          Conj/Fire      ######..     1%          4    None
q - Summon Ice Beast      Ice/Summ       ######..     1%          4    None
r - Orb of Destruction    Conj           ######....   3%          7    #####..
s - Throw Flame           Conj/Fire      ######       1%          2    None
t - Bolt of Fire          Conj/Fire      ######....   1%          6    ####...
w - Freezing Cloud        Conj/Ice/Air   ######....   2%          6    ####...

Your spell library contained the following spells:

 Spells                   Type           Power        Failure   Level  Hunger
 Magic Dart               Conj           ####         0%          1    None
 Searing Ray              Conj           ######       0%          2    None
 Freeze                   Ice            ####         1%          1    None
 Sandblast                Erth           ###...       1%          1    None
 Summon Small Mammal      Summ           ####         1%          1    None
 Poisonous Vapours        Pois/Air       #####.       1%          2    None
 Throw Frost              Conj/Ice       ######       1%          2    None
 Dazzling Spray           Conj/Hex       ######       1%          3    None
 Inner Flame              Hex/Fire       #####...     1%          3    None
 Mephitic Cloud           Conj/Pois/Air  ######..     1%          3    None
 Ozocubu's Armour         Chrm/Ice       #####...     1%          3    None
 Force Lance              Conj/Tloc      ######..     1%          4    None
 Fulminant Prism          Conj/Hex       ######....   1%          4    None
 Iskenderun's Mystic Bla  Conj           ######..     1%          4    None
 Throw Icicle             Conj/Ice       ######..     1%          4    None
 Bolt of Magma            Conj/Fire/Erth ######....   1%          5    None
 Animate Skeleton         Necr           N/A          2%          1    None
 Apportation              Tloc           ###...       2%          1    None
 Confusing Touch          Hex            ###...       2%          1    None
 Iron Shot                Conj/Erth      ######....   7%          6    ####...
 Ring of Flames           Chrm/Fire      #####.....   93%         7    #####..
 Statue Form              Tmut/Erth      ###......    98%         6    ####...


Dungeon Overview and Level Annotations

Branches:
Dungeon (15/15)            Temple (1/1) D:5            Lair (6/6) D:11
  Swamp (0/4) Lair:2       Spider (0/4) Lair:4        Slime (0/5) Lair:6
    Orc (0/2) D:9          Vaults (0/5) D:13         Depths (0/5) D:15

Altars:
Ashenzari
Cheibriados
Dithmenos
Elyvilon
Fedhas
Gozag
Hepliaklqana
Kikubaaqudgha
Makhleb
Nemelex Xobeh
Okawaru
Qazlal
Ru
Sif Muna
Trog
Uskayaw
Vehumet
Wu Jian
Xom
Yredelemnul
Zin
The Shining One
Jiyva

Shops:
D:4 %   D:9 (   D:14 *

Annotations:
D:3 Need Digging
Lair:6 1 runed door


Message History

The shadow strikes at you from the darkness!
Reactivating autopickup.
The shadow strikes at you from the darkness!
The shadow slips into darkness.
The shadow flickers and vanishes!
Deactivating autopickup; reactivate with Ctrl-A.
As you read the scroll of teleportation, it crumbles to dust.
You feel strangely unstable. You block the shadow's attack.
The shadow strikes at you from the darkness!
* * * LOW HITPOINT WARNING * * *
Reactivating autopickup.
Your surroundings suddenly seem different.
A centaur comes into view.
The centaur shouts!
You hear a shout!
You hear a screech!
A white ugly thing comes into view.
The white ugly thing gurgles horribly!
A wolf spider comes into view.
A centaur comes into view.
The centaur wields a +0 shortbow.
The centaur shoots an arrow.
The arrow hits you!
You die...

.. #..# ...
.##..# ...
c...# ....
#...# .u..u
#...##....c
#..........
#........s.
#..@# #..Y#
#...# #...#
#...# #...#
#...# #∩.H#


You could see a catoblepas, 2 ugly things, a wolf spider (wandering), a
hippogriff (wandering) and 2 centaurs.

Vanquished Creatures
  Rupert (D:13)
  Roxanne (D:14)
  Nessos (D:14)
  Azrael (D:12)
  Snorg (D:12)
  Josephine (D:11)
  11 hydras
  A shambling mangrove (Lair:5)
  2 centaur warriors (D:13)
  A catoblepas (Lair:5)
  A death knight (D:13)
  2 two-headed ogres
  A death yak (Lair:5)
  A tengu warrior (D:13)
  Urug (D:12)
  Nergalle (Lair:1)
  The ghost of Gottschkopf the Grappler, a novice DrTm of Yredelemnul (D:8)
  2 skeletal warriors
  The ghost of mitkoXXVII the Envoy of Void, a novice FoAK of Lugonu (D:6)
  3 unseen horrors
  Pikel (D:6)
  A flayed ghost (D:15)
  2 orc knights
  An orc sorcerer (D:14)
  12 ugly things
  A wolf spider zombie (D:13)
  4 manticores
  A wolf spider (D:15)
  2 deep elf magi
  2 oklob plants (Lair:5)
  4 cyclopes
  Maurice (D:9)
  12 elephants
  Psyche (D:9)
  2 black mambas
  A gargoyle (D:13)
  9 spiny frogs
  A centaur skeleton (D:13)
  A torpor snail (Lair:6)
  A kobold demonologist (D:8)
  2 rime drakes
  A demonic crawler (Lair:4)
  5 komodo dragons
  2 freezing wraiths
  A tengu conjurer (D:12)
  A wandering mushroom (Lair:5)
  A wolf spider simulacrum (D:13)
  7 hornets
  2 trolls
  The ghost of ZanderDzel the Skirmisher, an amateur HuWr of Makhleb (D:5)
  3 slime creatures (D:15)
  3 polar bears
  24 blink frogs
  14 dream sheep (Lair:6)
  8 hippogriffs
  13 spriggans (Lair:6)
  64 yaks
  A vampire (D:14)
  5 wraiths
  5 basilisks
  A wyvern (D:13)
  3 fire elementals (D:12)
  A hungry ghost (D:12)
  16 humans (D:13)
  A steam dragon (D:10)
  3 acid dragons
  3 swamp worms (Lair:2)
  A warg (D:14)
  A soldier ant (D:12)
  10 water moccasins
  17 porcupines
  9 orc warriors
  A sky beast (D:5)
  5 black bears
  2 slaves (D:6)
  A necrophage (D:7)
  4 phantoms
  A swamp drake (D:11)
  3 ice beasts
  An eye of draining (D:12)
  7 ogres
  3 boggarts (Lair:6)
  34 wolves
  5 centaurs
  20 crocodiles
  10 big kobolds
  An elf zombie (D:7)
  9 bullfrogs
  A water moccasin zombie (D:5)
  3 scorpions
  27 killer bees
  14 wights
  3 electric eels
  2 crimson imps
  2 centaur zombies
  5 quasits (D:8)
  3 bullfrog zombies
  6 hounds
  5 jellies
  12 orc priests
  A human skeleton (D:7)
  4 human zombies (D:7)
  12 orc wizards
  A bullfrog skeleton (D:13)
  3 iguanas
  16 worker ants
  6 hell rats (Lair:6)
  A centaur simulacrum (D:9)
  3 ogre zombies (D:7)
  2 bullfrog simulacra (D:9)
  3 hound skeletons
  A mummy (D:7)
  10 gnolls
  A howler monkey skeleton (D:10)
  16 adders
  A white imp (D:9)
  2 ufetubi (D:9)
  3 oozes
  2 adder skeletons
  3 worms (Lair:4)
  2 dart slugs
  An adder simulacrum (D:9)
  3 leopard geckos
  47 orcs
  10 giant cockroaches
  4 goblins
  6 hobgoblins
  16 jackals
  5 quokkas
  A ball python (D:3)
  7 bats
  4 frilled lizards
  2 jackal zombies (D:5)
  13 kobolds
  A quokka zombie (D:7)
  5 rats
  5 fungi
  6 plants
  2 withered plants (D:15)
745 creatures vanquished.

Vanquished Creatures (collateral kills)
  A two-headed ogre (D:14)
  A cyclops (D:14)
  2 centaur skeletons (D:15)
  A guardian mummy (D:15)
  A slime creature (D:15)
  3 yaks (D:9)
  3 fire elementals (D:12)
  A hell hound (D:12)
  An orc warrior (D:15)
  2 bullfrogs
  A crimson imp (D:12)
  2 hounds (D:14)
  An orc wizard (D:15)
  A worker ant (D:15)
  An orc (D:15)
22 creatures vanquished.

Vanquished Creatures (others)
  2 bushes (Lair:6)
  42 fungi
  14 plants
  A withered plant (D:15)
59 creatures vanquished.

Grand Total: 826 creatures vanquished

Notes
Turn   | Place    | Note
-------+----------+-------------------------------------------
     0 | D:1      | Napalmbreeze the Deep Elf Fire Elementalist began the quest
                  | for the Orb.
     0 | D:1      | Reached XP level 1. HP: 10/10 MP: 6/6
   470 | D:1      | Reached XP level 2. HP: 15/15 MP: 6/8
   474 | D:1      | Learned a level 2 spell: Throw Flame
  1234 | D:2      | Reached XP level 3. HP: 19/19 MP: 6/10
  1239 | D:2      | Learned a level 3 spell: Conjure Flame
  1524 | D:2      | Found a blossoming altar of Fedhas.
  2154 | D:2      | Reached XP level 4. HP: 24/24 MP: 9/11
  2254 | D:2      | Learned a level 4 spell: Sticky Flame
  2283 | D:2      | Reached skill level 4 in Spellcasting
  3054 | D:3      | Reached XP level 5. HP: 28/28 MP: 8/13
  3178 | D:3      | Found a glowing silver altar of Zin.
  3703 | D:3      | Found a white marble altar of Elyvilon.
  3703 | D:3      | Found a sacrificial altar of Ru.
  3704 | D:3      | Found a hide-covered altar of Uskayaw.
  4013 | D:4      | Reached XP level 6. HP: 31/32 MP: 5/15
  4120 | D:4      | Reached skill level 5 in Spellcasting
  4126 | D:4      | Reached skill level 5 in Conjurations
  4278 | D:4      | Found Myhettyu's Food Shoppe.
  4322 | D:4      | Reached skill level 5 in Fire Magic
  4460 | D:4      | Reached XP level 7. HP: 21/36 MP: 2/17
  4530 | D:4      | Learned a level 5 spell: Fireball
  4955 | D:4      | Reached skill level 6 in Spellcasting
  5115 | D:4      | Found a snail-covered altar of Cheibriados.
  5115 | D:4      | Found a deep blue altar of Sif Muna.
  5137 | D:5      | Entered Level 5 of the Dungeon
  5502 | D:5      | Found a staircase to the Ecumenical Temple.
  5578 | Temple   | Entered the Ecumenical Temple
  5630 | Temple   | Became a worshipper of Vehumet
  6110 | D:5      | Found a runed gate.
  6110 | D:5      | Found a runed gate.
  6114 | D:5      | Found a runed gate.
  6117 | D:5      | Noticed ZanderDzel's ghost (amateur HuWr)
  6591 | D:6      | Reached XP level 8. HP: 24/41 MP: 8/20
  6936 | D:6      | Noticed Pikel
  6937 | D:6      | Reached skill level 7 in Spellcasting
  7527 | D:6      | Found a runed door.
  7530 | D:6      | Noticed mitkoXXVII's ghost (novice FoAK)
  7609 | D:6      | Killed Pikel
  7609 | D:6      | Reached skill level 8 in Spellcasting
  7989 | D:7      | Reached XP level 9. HP: 45/45 MP: 12/23
  8543 | D:7      | Reached * piety under Vehumet
  8543 | D:7      | Offered knowledge of Shock by Vehumet.
  8709 | D:7      | Found a basalt altar of Yredelemnul.
  8944 | D:7      | Found a blossoming altar of Fedhas.
  9303 | D:8      | Reached skill level 1 in Evocations
  9306 | D:8      | Reached skill level 9 in Spellcasting
  9647 | D:8      | Reached skill level 1 in Fighting
  9647 | D:8      | Reached skill level 10 in Conjurations
  9931 | D:8      | Offered knowledge of Searing Ray by Vehumet.
 10141 | D:8      | Reached ** piety under Vehumet
 10380 | D:8      | Found a transporter.
 10431 | D:8      | Noticed a kobold demonologist
 10435 | D:8      | Killed a kobold demonologist
 10435 | D:8      | Reached XP level 10. HP: 53/53 MP: 4/25
 10821 | D:8      | Found a shattered altar of Ashenzari.
 10980 | D:8      | Noticed Gottschkopf's ghost (novice DrTm)
 11027 | D:8      | Found a transporter.
 11080 | D:9      | Found a sparkling altar of Nemelex Xobeh.
 11441 | D:9      | Reached skill level 5 in Dodging
 11446 | D:9      | Offered knowledge of Stone Arrow by Vehumet.
 11695 | D:9      | Found a hazy altar of Hepliaklqana.
 11701 | D:9      | Noticed Maurice
 11844 | D:9      | Killed Maurice
 11844 | D:9      | Reached skill level 10 in Spellcasting
 12076 | D:9      | Reached *** piety under Vehumet
 12296 | D:9      | Offered knowledge of Mephitic Cloud by Vehumet.
 12606 | D:9      | Reached skill level 10 in Fire Magic
 13053 | D:9      | Noticed Psyche
 13386 | D:9      | Found Xaplif's Weapon Boutique.
 13456 | D:9      | Killed Psyche
 13456 | D:9      | Reached skill level 5 in Evocations
 13456 | D:9      | Reached XP level 11. HP: 54/60 MP: 15/27
 13764 | D:9      | Got a bloodstained leather armour
 13777 | D:9      | Identified the +2 leather armour of the Sneaky Seas {rPois}
                  | (You found it on level 9 of the Dungeon)
 13786 | D:9      | Found a burning altar of Makhleb.
 13786 | D:9      | Found an ornate altar of the Wu Jian Council.
 13821 | D:9      | Found a staircase to the Orcish Mines.
 13991 | D:10     | Entered Level 10 of the Dungeon
 14017 | D:10     | Learned a level 6 spell: Freezing Cloud
 14041 | D:10     | Reached **** piety under Vehumet
 14237 | D:10     | Noticed an unseen horror
 14242 | D:10     | Killed an unseen horror
 14242 | D:10     | Reached skill level 1 in Armour
 14894 | D:11     | Noticed a green ugly thing
 14913 | D:11     | Killed a green ugly thing
 14913 | D:11     | Offered knowledge of Lightning Bolt by Vehumet.
 14913 | D:11     | Reached skill level 11 in Spellcasting
 15532 | D:11     | Noticed Josephine
 15536 | D:11     | Killed Josephine
 15927 | D:11     | Noticed a red ugly thing
 16274 | D:11     | Killed a red ugly thing
 16639 | D:11     | Found a staircase to the Lair.
 16720 | Lair:1   | Entered Level 1 of the Lair of Beasts
 16746 | Lair:1   | Reached ***** piety under Vehumet
 16746 | Lair:1   | Reached skill level 1 in Ice Magic
 16755 | Lair:1   | Offered knowledge of Iskenderun's Mystic Blast by Vehumet.
 16906 | Lair:1   | Reached skill level 1 in Air Magic
 16952 | Lair:1   | Noticed a five-headed hydra
 16955 | Lair:1   | Killed a five-headed hydra
 16955 | Lair:1   | Reached skill level 5 in Fighting
 17105 | Lair:1   | Reached XP level 12. HP: 68/68 MP: 16/29
 17491 | Lair:1   | Noticed Nergalle
 17494 | Lair:1   | Killed Nergalle
 17708 | Lair:1   | Noticed a six-headed hydra
 17713 | Lair:1   | Killed a six-headed hydra
 17713 | Lair:1   | Reached skill level 12 in Spellcasting
 17983 | Lair:2   | Noticed an eight-headed hydra
 18499 | Lair:2   | Reached skill level 5 in Ice Magic
 19025 | Lair:2   | Killed an eight-headed hydra
 19209 | Lair:2   | Found a staircase to the Swamp.
 19212 | Lair:2   | You fall through a shaft!
 20213 | Lair:3   | Got a steaming dagger
 20214 | Lair:3   | Identified the +9 dagger "Haoly" {drain, +Inv MR- MP+9
                  | Str+7 Int+4} (You found it on level 3 of the Lair of
                  | Beasts)
 20645 | Lair:4   | Noticed a seven-headed hydra
 20664 | Lair:4   | Killed a seven-headed hydra
 20774 | Lair:4   | Noticed an eight-headed hydra
 20774 | Lair:4   | Noticed an eight-headed hydra
 20791 | Lair:4   | Killed an eight-headed hydra
 20791 | Lair:4   | Reached skill level 13 in Spellcasting
 20791 | Lair:4   | Reached XP level 13. HP: 32/75 MP: 9/32
 21769 | Lair:4   | Found a hole to the Spider Nest.
 21802 | Lair:4   | Offered knowledge of Iskenderun's Battlesphere by Vehumet.
 22015 | Lair:4   | Got a crude robe
 22026 | Lair:4   | Identified the +4 robe of the New World {rN+ Dex+7} (You
                  | found it on level 4 of the Lair of Beasts)
 22745 | Lair:5   | Reached skill level 5 in Air Magic
 24611 | Lair:6   | Entered Level 6 of the Lair of Beasts
 24611 | Lair:6   | Found a runed door.
 24611 | Lair:6   | Found a viscous altar of Jiyva.
 24611 | Lair:6   | Noticed an azure jelly
 24611 | Lair:6   | Noticed an azure jelly
 24612 | Lair:6   | Found a staircase to the Slime Pits.
 24681 | Lair:6   | Reached skill level 14 in Spellcasting
 25211 | Lair:6   | Reached XP level 14. HP: 83/83 MP: 27/34
 25684 | Lair:6   | Learned a level 4 spell: Summon Ice Beast
 25952 | Lair:6   | Reached skill level 10 in Evocations
 25966 | Lair:6   | Reached skill level 1 in Summonings
 28269 | D:8      | Killed Gottschkopf's ghost
 28560 | D:6      | Killed mitkoXXVII's ghost
 28717 | D:5      | Killed ZanderDzel's ghost
 28974 | D:12     | Noticed Urug
 29159 | D:12     | Killed Urug
 29288 | D:12     | Noticed Azrael
 29309 | D:12     | Reached skill level 15 in Spellcasting
 29826 | D:12     | Killed Azrael
 30085 | D:12     | Reached ****** piety under Vehumet
 30213 | D:12     | Offered knowledge of Orb of Destruction by Vehumet.
 30223 | D:12     | Learned a level 7 spell: Orb of Destruction
 30423 | D:12     | Noticed Snorg
 30430 | D:12     | Killed Snorg
 30654 | D:12     | Got a polished spear
 30655 | D:12     | Identified the cursed +1 spear "Semy" {antimagic, MR+} (You
                  | found it on level 12 of the Dungeon)
 30758 | D:13     | Found a gate to the Vaults.
 30758 | D:13     | Noticed Rupert
 31180 | D:13     | Reached skill level 1 in Shields
 31518 | D:13     | Killed Rupert
 31935 | D:13     | Reached XP level 15. HP: 89/89 MP: 14/36
 32717 | D:13     | Reached skill level 5 in Summonings
 32863 | D:13     | Offered knowledge of Bolt of Fire by Vehumet.
 33059 | D:13     | Reached skill level 10 in Dodging
 33348 | D:13     | Learned a level 6 spell: Bolt of Fire
 33455 | D:14     | Noticed Nessos
 33464 | D:14     | Killed Nessos
 34164 | D:14     | Identified Roxanne's Compendium of the Mountains
 34164 | D:14     | Noticed Roxanne
 34562 | D:14     | Found Teinifud's General Store.
 34570 | D:14     | Bought a +0 cloak of poison resistance for 110 gold pieces
 34992 | D:14     | Killed Roxanne
 35111 | D:15     | Entered Level 15 of the Dungeon
 35633 | D:15     | Found a staircase to the Depths.
 35668 | D:15     | HP: 1/91 [something (29)]
 35669 | D:15     | Shot with an arrow by a centaur

Vault maps used:
D:1:      shiori_arrival_oz, corexii_item_surrounded_by_moat
D:2:      cheibrodos_pilgrimage, fedhas_ov_isle_minmay, minmay_cut_off
D:3:      gammafunk_temple_overflow_claw, zin_scriptorium, first_ration,
          eino_curves_04
D:4:      gammafunk_temple_overflow_pools, serial_shops, shop, minmay_quantized
D:5:      minmay_temple_entry_butterflies, gammafunk_ghost_nasty_kobolds
D:6:      ebering_ghost_sewer_d, uniq_pikel
D:7:      lemuel_mausoleum_altar_yredelemnul, basic_altar
D:8:      kennysheep_mini, special_room, gammafunk_ghost_stat_death
D:9:      overflow_temple_1_default, gammafunk_temple_overflow_wave,
          david_orc_4, serial_shops, shop, basic_altar, serial_ice,
          serial_ice_b, serial_ice_j, serial_ice_o, serial_ice_n, serial_ice_h,
          uniq_maurice, uniq_psyche
D:11:     erik_lair_dragon, uniq_josephine
D:12:     uniq_urug, uniq_azrael, uniq_snorg
D:13:     david_vaults_3
D:14:     minivault_23, serial_shops, shop, uniq_nessos, uniq_roxanne
D:15:     gammafunk_depths_entry_grave, abandoned_shop
Temple:   eino_wide_crystal_templ
Lair:1:   serial_bayou_shore_b, grunt_megastairs_4, uniq_nergalle
Lair:2:   minmay_swamp_entry_worms, grunt_megastairs_1,
          infiniplex_staircase_pool
Lair:4:   nicolae_spider_entry_non_spiders
Lair:5:   nicolae_lair_yak_garden, lemuel_fruit_tree, minmay_lair_oklob_chamber
Lair:6:   minmay_lair_end_enchanted_forest, slime_altar_2,
          chequers_serial_rivers_large_a

Skill      XL: |  1  2  3  4  5  6  7  8  9 10 11 12 13 14 15 |
---------------+----------------------------------------------+-----
Conjurations   | 2 3 4 5 7 9 10 11 12 | 12.6
Spellcasting   | 4 5 6 8 9 10 11 13 14 15 | 15.8
Fire Magic     | 4 5 6 7 8 10 | 10.5
Evocations     | 2 5 6 8 9 10 | 10.0
Dodging        | 4 6 8 9 10 | 10.5
Fighting       | 2 3 5 6 7 8 9 |  9.4
Armour         | 4 |  4.0
Ice Magic      | 2 7 8 |  8.0
Air Magic      | 1 4 6 |  6.0
Summonings     | 4 6 |  6.4
Shields        | 3 4 |  4.2
Stealth        | |  2.4

Action                   |  1- 3 |  4- 6 |  7- 9 | 10-12 | 13-15 || total
-------------------------+-------+-------+-------+-------+-------++-------
Melee: Club              |    14 |       |       |       |       ||    14
       Long sword        |       |     1 |     1 |       |       ||     2
       Whip              |       |       |    15 |     2 |       ||    17
       Dagger            |       |       |       |    57 |   141 ||   198
Throw: Stone             |     3 |       |       |       |       ||     3
 Cast: Flame Tongue      |    57 |    87 |   172 |   337 |   169 ||   822
       Throw Flame       |    14 |     9 |    33 |   103 |   136 ||   295
       Conjure Flame     |     2 |     7 |    28 |    21 |    23 ||    81
       Sticky Flame      |       |     5 |    22 |    58 |    78 ||   163
       Fireball          |       |       |     9 |    85 |   186 ||   280
       Freezing Cloud    |       |       |       |     8 |    75 ||    83
       Summon Ice Beast  |       |       |       |       |    47 ||    47
       Orb of Destructio |       |       |       |       |    22 ||    22
       Bolt of Fire      |       |       |       |       |     6 ||     6
Evoke: Wand              |       |       |     1 |    16 |    31 ||    48
  Use: Scroll            |       |     3 |     4 |     3 |    17 ||    27
       Potion            |       |       |     2 |     1 |     2 ||     5
  Eat: Chunk             |     4 |     8 |    21 |    33 |    44 ||   110
       Ration            |       |       |       |     3 |     7 ||    10
Armor: Robe              |     4 |     2 |     5 |     5 |    58 ||    74
       Leather armour    |       |       |       |    23 |     1 ||    24
Dodge: Dodged            |    33 |    14 |    30 |   127 |   307 ||   511
Block: Buckler           |       |       |       |       |    12 ||    12
       Rpst.: Long sword |       |     1 |     6 |       |       ||     7

Table legend:
 A = Non-vault XP
 B = Vault XP
 C = Vault XP percentage of total XP
 D = Non-vault monster count
 E = Vault monster count
 F = Vault count percentage of total count
                 A         B        C        D         E       F
            +---------+---------+-------+---------+---------+-------
      Total |   95342 |   41393 |  30.3 |     561 |     191 |  25.4
            +---------+---------+-------+---------+---------+-------
        D:1 |      33 |       2 |   5.7 |      19 |       1 |   5.0
        D:2 |      85 |      69 |  44.8 |      22 |       8 |  26.7
        D:3 |      93 |       0 |   0.0 |      20 |       0 |   0.0
        D:4 |     517 |     167 |  24.4 |      23 |       4 |  14.8
        D:5 |     445 |     493 |  52.6 |      13 |       9 |  40.9
        D:6 |     478 |    1545 |  76.4 |      15 |       4 |  21.1
        D:7 |     469 |     584 |  55.5 |      12 |      12 |  50.0
        D:8 |    1809 |    2201 |  54.9 |      30 |      17 |  36.2
        D:9 |    3114 |    1921 |  38.2 |      53 |      25 |  32.1
       D:10 |    1468 |       0 |   0.0 |       8 |       0 |   0.0
       D:11 |    3010 |    2479 |  45.2 |      22 |       9 |  29.0
       D:12 |    4368 |    3836 |  46.8 |      25 |      10 |  28.6
       D:13 |   13694 |    8025 |  36.9 |      50 |      20 |  28.6
       D:14 |   11083 |    3007 |  21.3 |      32 |       2 |   5.9
       D:15 |    4634 |    1724 |  27.1 |      17 |       3 |  15.0
     Lair:1 |    6368 |    1096 |  14.7 |      27 |       3 |  10.0
     Lair:2 |    4541 |    1445 |  24.1 |      23 |       4 |  14.8
     Lair:3 |    2816 |       0 |   0.0 |      19 |       0 |   0.0
     Lair:4 |    9406 |     460 |   4.7 |      29 |       8 |  21.6
     Lair:5 |    8885 |    4741 |  34.8 |      35 |       9 |  20.5
     Lair:6 |   18026 |    7598 |  29.7 |      67 |      43 |  39.1
            +---------+---------+-------+---------+---------+-------
